TOP OF THE 1ST |
Amarillo Archdukes batting - Pitching for Birmingham Barons : RHP Pedro Valdés
|
Pitching: RHP Pedro Valdés
|
|
Batting: RHB Xie-li Fong
|
0-0: Ball 1-0: Called Strike 1-1: Ball 2-1: Ball 3-1: Base on Balls
|
Batting: RHB Fernando Castellanos
|
0-0: Ball 1-0: Grounds into double play, 1-6-3 (Groundball, P)
|
Batting: RHB David Alonso
|
0-0: Foul Ball, location: 2F 0-1: Ball 1-1: Ball 2-1: Swinging Strike 2-2: Ball 3-2: Base on Balls
|
Batting: LHB John Frost
|
0-0: Ball 1-0: Called Strike 1-1: Called Strike 1-2: Strikes out swinging
|
Top of the 1st over - 0 runs, 0 hits, 0 errors, 1 left on base; Amarillo 0 - Birmingham 0 |
BOTTOM OF THE 1ST |
Birmingham Barons batting - Pitching for Amarillo Archdukes : RHP Kyle Horton
|
Pitching: RHP Kyle Horton
|
|
Batting: LHB Salvador López
|
0-0: Ground out 4-3 (Groundball, 4)
|
Batting: RHB Jesús Velásquez
|
0-0: Swinging Strike 0-1: Ball 1-1: Foul Ball, location: 2F 1-2: Ball 2-2: Foul Ball, location: 2F 2-2: Foul Ball, location: 2F 2-2: Fly out, F8 (Flyball, 8LXD)
|
Batting: RHB Carlos Vásquez
|
0-0: Ball 1-0: Ball 2-0: Foul Ball, location: 2F 2-1: Called Strike 2-2: Foul Ball, location: 2F 2-2: Foul Ball, location: 2F 2-2: Foul Ball, location: 2F 2-2: Fly out, F7 (Flyball, 7)
|
Bottom of the 1st over - 0 runs, 0 hits, 0 errors, 0 left on base; Amarillo 0 - Birmingham 0 |
TOP OF THE 2ND |
Amarillo Archdukes batting - Pitching for Birmingham Barons : RHP Pedro Valdés
|
Batting: SHB Jeff Chambers
|
0-0: Called Strike 0-1: Ball 1-1: Ground out U3 (Groundball, 3)
|
Batting: LHB José Martínez
|
0-0: Foul Ball, location: 2F 0-1: Ball 1-1: Ball 2-1: Ball 3-1: Fly out, F8 (Flyball, 8RXD)
|
Batting: RHB Jon Krohne
|
0-0: Foul Ball, location: 2F 0-1: Foul Ball, location: 2F 0-2: Ball 1-2: Ball 2-2: SINGLE (Groundball, 6D)
|
Batting: RHB Herb Bunch
|
0-0: Fly out, F8 (Flyball, 89M)
|
Top of the 2nd over - 0 runs, 1 hit, 0 errors, 1 left on base; Amarillo 0 - Birmingham 0 |
BOTTOM OF THE 2ND |
Birmingham Barons batting - Pitching for Amarillo Archdukes : RHP Kyle Horton
|
Batting: RHB Bryant von Bohlen
|
0-0: Called Strike 0-1: Ball 1-1: Called Strike 1-2: Ball 2-2: Fly out, F8 (Flyball, 78S)
|
Batting: RHB Fred Moulds
|
0-0: Fly out, F9 (Flyball, 9S)
|
Batting: RHB Dean Bailey
|
0-0: Ball 1-0: Called Strike 1-1: Fly out, F8 (Flyball, 8RM)
|
Bottom of the 2nd over - 0 runs, 0 hits, 0 errors, 0 left on base; Amarillo 0 - Birmingham 0 |
TOP OF THE 3RD |
Amarillo Archdukes batting - Pitching for Birmingham Barons : RHP Pedro Valdés
|
Batting: RHB Nelson Castro
|
0-0: Fly out, F6 (Popup, P)
|
Batting: RHB Xie-li Fong
|
0-0: Foul Ball, location: 2F 0-1: Swinging Strike 0-2: Strikes out swinging
|
Batting: RHB Fernando Castellanos
|
0-0: Called Strike 0-1: Fly out, F8 (Flyball, 78D)
|
Top of the 3rd over - 0 runs, 0 hits, 0 errors, 0 left on base; Amarillo 0 - Birmingham 0 |
BOTTOM OF THE 3RD |
Birmingham Barons batting - Pitching for Amarillo Archdukes : RHP Kyle Horton
|
Batting: RHB Bob McDonald
|
0-0: Called Strike 0-1: Foul Ball, location: 2F 0-2: Ground out 6-3 (Groundball, 6)
|
Batting: SHB Pancho Ruíz
|
0-0: Ball 1-0: Foul Ball, location: 2F 1-1: Fly out, F9 (Flyball, 9LD)
|
Batting: RHB Rusty Downy
|
0-0: SINGLE (Groundball, 6D)
|
Batting: LHB Salvador López
|
0-0: Foul Ball, location: 2F 0-1: Ball 1-1: Fly out, F2 (Popup, 25F)
|
Bottom of the 3rd over - 0 runs, 1 hit, 0 errors, 1 left on base; Amarillo 0 - Birmingham 0 |
TOP OF THE 4TH |
Amarillo Archdukes batting - Pitching for Birmingham Barons : RHP Pedro Valdés
|
Batting: RHB David Alonso
|
0-0: Called Strike 0-1: Ball 1-1: Foul Ball, location: 2F 1-2: Ball 2-2: Ball 3-2: Foul Ball, location: 2F 3-2: Fly out, F9 (Flyball, 9S)
|
Batting: LHB John Frost
|
0-0: Called Strike 0-1: Ground out 6-3 (Groundball, 6)
|
Batting: SHB Jeff Chambers
|
0-0: Ball 1-0: Ball 2-0: Ball 3-0: Called Strike 3-1: Foul Ball, location: 2F 3-2: Base on Balls
|
Batting: LHB José Martínez
|
0-0: Swinging Strike 0-1: Ball 1-1: Foul Ball, location: 2F 1-2: Ball 2-2: Strikes out swinging
|
Top of the 4th over - 0 runs, 0 hits, 0 errors, 1 left on base; Amarillo 0 - Birmingham 0 |
BOTTOM OF THE 4TH |
Birmingham Barons batting - Pitching for Amarillo Archdukes : RHP Kyle Horton
|
Batting: RHB Jesús Velásquez
|
0-0: Ball 1-0: Ball 2-0: Called Strike 2-1: Ball 3-1: Called Strike 3-2: Fly out, F8 (Flyball, 89XD)
|
Batting: RHB Carlos Vásquez
|
0-0: Ball 1-0: Ball 2-0: Called Strike 2-1: Ball 3-1: Base on Balls
|
Batting: RHB Bryant von Bohlen
|
0-0: Ball 1-0: Called Strike 1-1: Called Strike Carlos Vásquez steals 2nd base 1-2: Ball 2-2: Fly out, F9 (Line Drive, 9)
|
Batting: RHB Fred Moulds
|
0-0: Ground out 6-3 (Groundball, 6)
|
Bottom of the 4th over - 0 runs, 0 hits, 0 errors, 1 left on base; Amarillo 0 - Birmingham 0 |
TOP OF THE 5TH |
Amarillo Archdukes batting - Pitching for Birmingham Barons : RHP Pedro Valdés
|
Batting: RHB Jon Krohne
|
0-0: Ball 1-0: Foul Ball, location: 2F 1-1: Fly out, F9 (Flyball, 9LMF)
|
Batting: RHB Herb Bunch
|
0-0: Ball 1-0: Foul Ball, location: 2F 1-1: Swinging Strike 1-2: Ball 2-2: Foul Ball, location: 2F 2-2: Strikes out swinging
|
Batting: RHB Nelson Castro
|
0-0: Ground out 4-3 (Groundball, 4MD)
|
Top of the 5th over - 0 runs, 0 hits, 0 errors, 0 left on base; Amarillo 0 - Birmingham 0 |
BOTTOM OF THE 5TH |
Birmingham Barons batting - Pitching for Amarillo Archdukes : RHP Kyle Horton
|
Batting: RHB Dean Bailey
|
0-0: Ball 1-0: Ground out 1-3 (Groundball, 13S)
|
Batting: RHB Bob McDonald
|
0-0: Called Strike 0-1: Ball 1-1: Fly out, F9 (Flyball, 89D)
|
Batting: SHB Pancho Ruíz
|
0-0: Hit by Pitch
|
Batting: RHB Rusty Downy
|
0-0: Called Strike 0-1: Ball 1-1: Ball 2-1: Called Strike 2-2: Ground out 5-3 (Groundball, 56)
|
Bottom of the 5th over - 0 runs, 0 hits, 0 errors, 1 left on base; Amarillo 0 - Birmingham 0 |
TOP OF THE 6TH |
Amarillo Archdukes batting - Pitching for Birmingham Barons : RHP Pedro Valdés
|
Batting: RHB Xie-li Fong
|
0-0: Ball 1-0: Ball 2-0: DOUBLE (Line Drive, 7D)
|
Batting: RHB Fernando Castellanos
|
0-0: Called Strike 0-1: Ball 1-1: Ball 2-1: Ground out 4-3 (Groundball, 4) Xie-li Fong to third
|
Batting: RHB David Alonso
|
0-0: Ball 1-0: Ball 2-0: Called Strike 2-1: Called Strike 2-2: SINGLE (Line Drive, 89S) Xie-li Fong scores
|
Batting: LHB John Frost
|
0-0: Fly out, F8 (Flyball, 8LS)
|
Batting: SHB Jeff Chambers
|
0-0: Called Strike 0-1: 2-RUN HOME RUN (Flyball, 9D), Distance : 365 ft
|
Batting: LHB José Martínez
|
0-0: Swinging Strike 0-1: Foul Ball, location: 2F 0-2: Ball 1-2: Fly out, F9 (Flyball, 9)
|
Top of the 6th over - 3 runs, 3 hits, 0 errors, 0 left on base; Amarillo 3 - Birmingham 0 |
BOTTOM OF THE 6TH |
Birmingham Barons batting - Pitching for Amarillo Archdukes : RHP Kyle Horton
|
Batting: LHB Salvador López
|
0-0: Ball 1-0: Swinging Strike 1-1: Ball 2-1: SINGLE (Groundball, 34D)
|
Batting: RHB Jesús Velásquez
|
0-0: SINGLE (Groundball, 6MD) Salvador López to second Runner from 2nd tries for 3rd, SAFE, no throw
|
Batting: RHB Carlos Vásquez
|
0-0: Ball 1-0: Called Strike Jesús Velásquez steals 2nd base 1-1: Ball 2-1: Ball 3-1: Base on Balls
|
Batting: RHB Bryant von Bohlen
|
0-0: Called Strike 0-1: Called Strike 0-2: Foul Ball, location: 2F 0-2: Ball 1-2: Ball 2-2: Ball 3-2: Fly out, F8 (Flyball, 8LM) Runner from 3rd tags up, SCORES, no throw
|
Batting: RHB Fred Moulds
|
0-0: Ball 1-0: Foul Ball, location: 2F 1-1: Ball 2-1: Grounds into double play, 4-6-3 (Groundball, 4)
|
Bottom of the 6th over - 1 run, 2 hits, 0 errors, 1 left on base; Amarillo 3 - Birmingham 1 |
TOP OF THE 7TH |
Amarillo Archdukes batting - Pitching for Birmingham Barons : RHP Pedro Valdés
|
Batting: RHB Jon Krohne
|
0-0: Ball 1-0: Called Strike 1-1: Ball 2-1: Ball 3-1: Swinging Strike 3-2: Ground out 6-3 (Groundball, 6)
|
Batting: RHB Herb Bunch
|
0-0: Called Strike 0-1: Ball 1-1: Ball 2-1: Foul Ball, location: 2F 2-2: Fly out, F7 (Flyball, 7S)
|
Batting: RHB Nelson Castro
|
0-0: Foul Ball, location: 2F 0-1: Ball 1-1: SINGLE (Groundball, 56D)
|
Batting: RHB Xie-li Fong
|
0-0: Ground out U3 (Groundball, 3L)
|
Top of the 7th over - 0 runs, 1 hit, 0 errors, 1 left on base; Amarillo 3 - Birmingham 1 |
BOTTOM OF THE 7TH |
Birmingham Barons batting - Pitching for Amarillo Archdukes : RHP Kyle Horton
|
Pitching: RHP Domingo León
|
|
Batting: RHB Dean Bailey
|
0-0: Ground out 5-3 (Groundball, 56S)
|
Batting: RHB Bob McDonald
|
0-0: Ball 1-0: Ground out U3 (Groundball, 34)
|
Batting: SHB Pancho Ruíz
|
0-0: Swinging Strike 0-1: Fly out, F8 (Flyball, 89XD)
|
Bottom of the 7th over - 0 runs, 0 hits, 0 errors, 0 left on base; Amarillo 3 - Birmingham 1 |
TOP OF THE 8TH |
Amarillo Archdukes batting - Pitching for Birmingham Barons : RHP Pedro Valdés
|
Batting: RHB Fernando Castellanos
|
0-0: Ball 1-0: SINGLE (Flyball, 7LS)
|
Batting: RHB David Alonso
|
0-0: Called Strike 0-1: Fly out, F7 (Flyball, 7)
|
Batting: LHB John Frost
|
0-0: Ball 1-0: Foul Ball, location: 2F 1-1: Ball 2-1: Ball 3-1: Base on Balls Fernando Castellanos to second
|
Pitching: LHP Carlos Berru
|
|
Pinch Hitting: RHB Eugenio Maldonado
|
0-0: Called Strike 0-1: Foul Ball, location: 2F 0-2: Ball 1-2: Ball 2-2: Ball 3-2: SINGLE (Groundball, 56D) Fernando Castellanos to third John Frost to second
|
Batting: LHB José Martínez
|
0-0: Called Strike 0-1: Called Strike 0-2: Strikes out swinging
|
Batting: RHB Jon Krohne
|
0-0: Called Strike 0-1: Ball 1-1: Ball 2-1: Ball 3-1: Base on Balls Fernando Castellanos scores John Frost to third Eugenio Maldonado to second
|
Batting: RHB Herb Bunch
|
0-0: Called Strike 0-1: Foul Ball, location: 2F 0-2: Ball 1-2: Ball 2-2: Strikes out swinging
|
Top of the 8th over - 1 run, 2 hits, 0 errors, 3 left on base; Amarillo 4 - Birmingham 1 |
BOTTOM OF THE 8TH |
Birmingham Barons batting - Pitching for Amarillo Archdukes : RHP Domingo León
|
Now at 1B: Jorge Fernández
|
|
Batting: RHB Rusty Downy
|
0-0: Called Strike 0-1: Swinging Strike 0-2: Ball 1-2: Ball 2-2: Foul Ball, location: 2F 2-2: Foul Ball, location: 2F 2-2: Ball 3-2: Foul Ball, location: 2F 3-2: Strikes out swinging
|
Batting: LHB Salvador López
|
0-0: Ball 1-0: Ball 2-0: Called Strike 2-1: Swinging Strike 2-2: Ball 3-2: Base on Balls
|
Batting: RHB Jesús Velásquez
|
0-0: Called Strike 0-1: Ball 1-1: Ball 2-1: Ball Wild Pitch! Salvador López to second 3-1: Ground out 6-3 (Groundball, 6) Salvador López to third
|
Batting: RHB Carlos Vásquez
|
0-0: Called Strike 0-1: Called Strike 0-2: Ball Wild Pitch! Salvador López scores 1-2: Strikes out looking
|
Bottom of the 8th over - 1 run, 0 hits, 0 errors, 0 left on base; Amarillo 4 - Birmingham 2 |
TOP OF THE 9TH |
Amarillo Archdukes batting - Pitching for Birmingham Barons : LHP Carlos Berru
|
Batting: RHB Nelson Castro
|
0-0: Fly out, F3 (Popup, 23F)
|
Batting: RHB Xie-li Fong
|
0-0: Ball 1-0: Called Strike 1-1: Foul Ball, location: 2F 1-2: Ball 2-2: Ball 3-2: Fly out, F8 (Flyball, 8RS)
|
Batting: RHB Fernando Castellanos
|
0-0: Called Strike 0-1: Swinging Strike 0-2: Ball 1-2: Fly out, F4 (Popup, 3S)
|
Top of the 9th over - 0 runs, 0 hits, 0 errors, 0 left on base; Amarillo 4 - Birmingham 2 |
BOTTOM OF THE 9TH |
Birmingham Barons batting - Pitching for Amarillo Archdukes : RHP Domingo León
|
Batting: RHB Bryant von Bohlen
|
0-0: Ball 1-0: Ball 2-0: Fly out, F3 (Popup, 3SF)
|
Batting: RHB Fred Moulds
|
0-0: Ball 1-0: Ball 2-0: Ball 3-0: Base on Balls
|
Pinch Hitting: LHB José Rivera
|
0-0: Ball 1-0: Ball 2-0: Fly out, F9 (Line Drive, 9)
|
Batting: RHB Bob McDonald
|
0-0: Called Strike 0-1: Ball 1-1: Foul Ball, location: 2F 1-2: Ball 2-2: Foul Ball, location: 2F 2-2: Ball 3-2: Strikes out looking
|
Bottom of the 9th over - 0 runs, 0 hits, 0 errors, 1 left on base; Amarillo 4 - Birmingham 2 |
|